 Dungeon Crawl Stone Soup version 0.21.2 (webtiles) character file.

401002 toffzen the Bewitcher (level 22, -7/179 HPs)
             Began as a Vampire Assassin on Jan 8, 2019.
             Was the Champion of Dithmenos.
             Mangled by a caustic shrike simulacrum (21 damage)
             ... on level 4 of the Depths on Feb 3, 2019.
             The game lasted 07:22:47 (101651 turns).

toffzen the Bewitcher (Vampire Assassin)          Turns: 101651, Time: 07:22:47

Health: -7/179     AC: 14    Str: 12    XL:     22   Next: 28%
Magic:  8/35       EV: 25    Int: 18    God:    Dithmenos [******]
Gold:   2300       SH: 20    Dex: 23    Spells: 7/39 levels left

rFire    . . .     SeeInvis +   a - +4 demon blade of Circularity {venom, *Noise +Rage +Fly rElec}
rCold    + . .     Gourm    .   B - +2 shield {reflect}
rNeg     + + .     Faith    .   Z - +1 robe "Irext" {MR+++ Dex+4 Stlth-}
rPois    +         Spirit   .   W - +2 hat
rElec    +         Reflect  +   L - +1 cloak
rCorr    .         Harm     .   t - +2 pair of gloves of the Demon Prince {Stlth+}
MR       +++++                  O - +2 pair of boots
Stlth    ++++++++++             Q - +4 amulet of reflection
HPRegen  0.19/turn              E - ring of wizardry
MPRegen  0.24/turn              C - +4 ring of protection

@: corroded, regenerating slowly, hasted, wreathed by umbra, very quick
A: fangs 3, see invisible, unbreathing
}: 2/15 runes: serpentine, barnacled
a: Bat Form, Shadow Step, Shadow Form, Renounce Religion, Evoke Berserk Rage,
Evoke Flight


You were on level 4 of the Depths.
You worshipped Dithmenos.
Dithmenos was exalted by your worship.
You were very thirsty.

You visited 8 branches of the dungeon, and saw 41 of its levels.

You collected 4265 gold pieces.
You spent 1965 gold pieces at shops.

Inventory:

Hand Weapons
 a - the +4 demon blade of Circularity (weapon) {venom, *Noise +Rage +Fly rElec}
   (You acquired it on level 1 of the Shoals)

   It poisons the flesh of those it strikes.
   It insulates you from electricity.
   It lets you fly.
   It lets you go berserk.
   It may make noises in combat.
 b - a +1 dagger of pain
 p - a +4 falchion of electrocution
Missiles
 k - 1261 stones (quivered)
 u - 8 throwing nets
Armour
 t - the +2 pair of gloves of the Demon Prince (worn) {Stlth+}
   (You found it on level 5 of the Dungeon)

   It makes you more stealthy.
 B - a +2 shield of reflection (worn)
 I - +5 fire dragon scales
 L - a +1 cloak (worn)
 O - a +2 pair of boots (worn)
 W - a +2 hat (worn)
 Z - the +1 robe "Irext" (worn) {MR+++ Dex+4 Stlth-}
   (You bought it in a shop on level 3 of the Vaults)

   It affects your dexterity (+4).
   It affects your resistance to hostile enchantments.
   It makes you less stealthy.
Magical Staves
 V - an uncursed staff of wizardry
Jewellery
 x - an uncursed ring of protection from fire
 C - a +4 ring of protection (right hand)
 E - a ring of wizardry (left hand)
 K - an uncursed amulet of regeneration
 Q - a +4 amulet of reflection (around neck)
 X - an uncursed ring of resist corrosion
 Y - a +4 ring of dexterity
Wands
 y - a wand of digging (31)
 M - a wand of paralysis (29)
 P - a wand of iceblast (13)
Scrolls
 e - a scroll of summoning
 f - a scroll of amnesia
 h - 3 scrolls of fear
 i - 3 scrolls of silence
 n - 5 scrolls of blinking
 o - a scroll of torment
 s - 8 scrolls of magic mapping
 v - 4 scrolls of enchant weapon
 w - 10 scrolls of remove curse
 D - 3 scrolls of fog
 F - 5 scrolls of teleportation
Potions
 c - 4 potions of agility
 j - 5 potions of mutation
 l - 2 potions of flight
 m - 15 potions of curing
 q - 22 potions of blood
 r - 6 potions of haste
 z - 2 potions of brilliance
 G - 7 potions of cancellation
 H - 4 potions of invisibility
 J - 4 potions of ambrosia
 N - 4 potions of resistance
 R - 3 potions of might
 S - a potion of berserk rage
Books
 g - a book of Burglary

   Spells                             Type                      Level
   a - Swiftness                      Charms/Air                   2
   b - Passwall                       Transmutation/Earth          2
   c - Passage of Golubria            Translocation                4
   d - Lee's Rapid Deconstruction     Earth                        5
   e - Darkness                       Hexes                        6
   f - Invisibility                   Hexes                        6
Miscellaneous
 d - a lightning rod (2/4)


   Skills:
 + Level 16.5 Fighting
 - Level 8.6(12.4) Short Blades
 - Level 13.2(14.0) Long Blades
 - Level 1.5 Throwing
 - Level 5.5 Armour
 - Level 13.8 Dodging
 - Level 17.0 Stealth
 - Level 15.0 Shields
 - Level 9.0 Spellcasting
 - Level 19.0 Hexes
 - Level 7.0 Summonings
 + Level 14.2 Necromancy
 - Level 2.0 Ice Magic
 - Level 6.0 Air Magic
 - Level 5.0 Earth Magic
 - Level 4.0 Invocations


You had 7 spell levels left.
You knew the following spells:

 Your Spells              Type           Power        Failure   Level  Hunger
a - Invisibility          Hex            ######..     1%          6    ######.
b - Ensorcelled Hibernat  Hex/Ice        #####.       1%          2    None
c - Confuse               Hex            ######..     0%          3    None
d - Dazzling Spray        Conj/Hex       #####.       1%          3    None
e - Tukima's Dance        Hex            ######..     0%          3    None
f - Apportation           Tloc           #.....       3%          1    None
g - Summon Lightning Spi  Summ/Air       ####....     2%          4    ###....
h - Summon Butterflies    Summ           ####....     1%          1    None
i - Animate Dead          Necr           N/A          1%          4    ###....
j - Borgnjor's Vile Clut  Necr/Erth      #####.....   1%          5    #####..


Dungeon Overview and Level Annotations

Branches:
Dungeon (15/15)            Temple (0/1) D:6            Lair (6/6) D:11
 Shoals (4/4) Lair:2        Snake (4/4) Lair:2        Slime (0/5) Lair:5
    Orc (2/2) D:10            Elf (2/3) Orc:2        Vaults (4/5) D:14
  Crypt (0/3) Vaults:2     Depths (4/5) D:15

Altars:
Dithmenos
Fedhas
Nemelex Xobeh
Okawaru
Qazlal
Sif Muna
Uskayaw
Yredelemnul
Zin
The Shining One
Jiyva
Lugonu

Shops:
D:4 ?   D:12 !   Orc:2 **((   Elf:2 [   Shoals:4 !(   Snake:3 *%
Vaults:3 :=*!   Vaults:4 [   Depths:1 [

Portals:
Hell: Depths:1 Depths:2 Depths:3 Depths:4
Abyss: Depths:1 Depths:2 Depths:3 Depths:4
Pandemonium: Depths:1 Depths:3
Trove: D:13 (give +3 shadow dragon scales)

Annotations:
D:15 1 runed door, exclusions: door and orange crystal statue
Lair:3 exclusion: downstairs
Lair:4 exclusion: oklob plant
Shoals:4 Aizul


Innate Abilities, Weirdness & Mutations

You heal slowly.
You have razor-sharp teeth.
You have supernaturally acute eyesight. (SInv)
You can survive without breathing.


Message History

The caustic shrike simulacrum is moderately damaged.
The caustic shrike simulacrum completely misses you.
You slash the caustic shrike simulacrum!
The caustic shrike simulacrum is heavily damaged.
Your shadow barely misses the caustic shrike simulacrum.
You block the caustic shrike simulacrum's attack.
You barely miss the caustic shrike simulacrum.
Your demon blade of Circularity lets out a whoop!
The caustic shrike simulacrum is heavily damaged.
Your shadow hits the caustic shrike simulacrum with a demon blade.
You hear an angry hiss.
You barely miss the caustic shrike simulacrum.
You bite the caustic shrike simulacrum, but do no damage.
The caustic shrike simulacrum is severely damaged.
Your shadow hits the caustic shrike simulacrum with a demon blade!
The caustic shrike simulacrum claws you.
* * * LOW HITPOINT WARNING * * *
The caustic shrike simulacrum freezes you!!
You resist.
You die...

#....#....#
#....#....#
#.)..#.⌠..#
##++##....#
##++##.§.<#
#....#).§.#
#§§§§#§§§§#
#§.Cb#§8Z§#
#§§#§#§§@§#
##.##b#§§§§#
#..8§##§§§§#
##..#.#.§..##
'..##.##'..#
#'..D.##.'###
#.....#....#
##....##....#
###†'..##....##


You could see a caustic shrike simulacrum and a friendly lightning spire.

Vanquished Creatures
  Vashnia (Snake:4)
  Saint Roka (Elf:2)
  The ghost of matthes123 the Earth Mage, a veteran GrEE of Vehumet (Depths:3)
  2 caustic shrikes (Depths:4)
  A lich (Depths:4)
  A titan (Depths:2)
  Frances (Shoals:2)
  3 sphinxes
  A kraken (Shoals:3)
  Agnes (Snake:3)
  A tengu reaver (Depths:2)
  A revenant (Vaults:2)
  Donald (Shoals:2)
  7 fire giants
  A shadow dragon (shapeshifter) (Depths:4)
  11 nagarajas
  9 frost giants
  Louise (Snake:4)
  An orc warlord (Orc:2)
  2 ghost moths (Depths:3)
  9 vault wardens
  10 ironheart preservers
  27 very ugly things
  A ghoul (Vaults:4)
  A juggernaut zombie (Depths:2)
  2 entropy weavers
  9 stone giants
  A reaper (Depths:3)
  6 vampire knights
  A deep elf annihilator (Elf:1)
  2 spark wasps
  3 merfolk javelineers (Shoals:4)
  3 ettins
  10 merfolk impalers
  The ghost of p0werm0de the Reanimator, a journeyman GnNe of Cheibriados (Snake:2)
  Snorg (Orc:1)
  4 deep elf death magi
  A deep elf high priest (Depths:4)
  9 fire dragons
  The ghost of tidbits the Summoner, a journeyman GnSu of Cheibriados (Shoals:2)
  8 yaktaur captains
  6 great orbs of eyes
  4 vault guards
  10 rakshasas
  3 alligator snapping turtles
  A hydra (Lair:2)
  4 ice dragons
  15 naga warriors
  4 satyrs
  4 merfolk aquamancers
  14 ogre magi
  8 anacondas
  9 centaur warriors
  2 merfolk avatars
  A spriggan air mage (Depths:4)
  42 two-headed ogres
  7 death knights
  4 dancing weapons
  3 deep troll shamans
  A catoblepas (Shoals:1)
  4 deep troll earth magi
  An orc high priest (Orc:2)
  7 tengu warriors
  2 vampire magi
  5 shock serpents
  3 hell knights (Depths:4)
  13 naga sharpshooters
  5 deep elf knights
  10 skeletal warriors
  2 spriggan berserkers
  3 shadow wraiths (Depths:3)
  A fire crab (Lair:5)
  6 salamander mystics (Snake:4)
  14 deep trolls
  A gelid demonspawn (Depths:3)
  6 flayed ghosts
  10 sea snakes
  8 deep elf archers
  4 naga ritualists
  5 unseen horrors
  A wizard (Vaults:1)
  9 ironbrand convokers
  10 phantasmal warriors
  20 harpies
  A wolf spider zombie (D:14)
  A lindwurm (shapeshifter) (Depths:2)
  3 necromancers
  6 cyclopes
  7 mana vipers
  2 wolf spiders (Vaults:1)
  13 orc knights
  11 fauns
  13 manticores
  A fire giant zombie (Depths:2)
  41 ugly things
  A moth of wrath (shapeshifter) (Depths:4)
  A frost giant zombie (Depths:1)
  4 orc sorcerers
  35 deep elf magi
  14 salamanders
  22 black mambas
  11 merfolk sirens
  6 elephants
  Psyche (D:9)
  4 water nymphs
  A torpor snail (Lair:4)
  2 gargoyles
  5 guardian serpents (Snake:4)
  An orange demon (Depths:3)
  13 vault sentinels
  16 naga magi
  A spiny frog (Lair:2)
  A storm dragon simulacrum (Depths:2)
  47 yaktaurs
  2 rime drakes (shapeshifter)
  A rime drake (Lair:5)
  6 komodo dragons
  12 freezing wraiths
  A yaktaur (shapeshifter) (Vaults:1)
  2 ice devils (Depths:3)
  A hellwing (Depths:3)
  A queen bee (Lair:2)
  18 merfolk
  3 tengu conjurers
  A troll (Orc:1)
  A meliai (D:14)
  2 queen bees (shapeshifter) (Vaults:1)
  4 wind drakes
  A slime creature (shapeshifter) (Vaults:1)
  43 slime creatures
  6 hornets
  7 snapping turtles
  16 blink frogs
  8 dream sheep
  12 hippogriffs
  A blink frog (shapeshifter) (Depths:1)
  A frost giant simulacrum (Depths:1)
  4 air elementals
  A tarantella (Vaults:2)
  2 redbacks (Vaults:2)
  14 wraiths
  3 fire bats (Lair:1)
  9 shadows
  Sigmund (D:6)
  A vampire (D:14)
  2 fire elementals
  14 humans
  A wyvern (D:11)
  4 basilisks
  18 water elementals
  A basilisk (shapeshifter) (Vaults:3)
  28 yaks
  A human (shapeshifter) (Vaults:1)
  9 vampire mosquitoes (Depths:3)
  4 hungry ghosts
  A tengu zombie (Depths:1)
  Menkaure (D:4)
  5 wargs
  53 nagas
  3 acid dragons
  A soldier ant (D:14)
  11 porcupines
  A floating eye (shapeshifter) (Vaults:3)
  11 water moccasins
  2 sky beasts
  4 ice beasts
  32 orc warriors
  4 phantoms
  A black bear (D:9)
  6 necrophages
  2 eyes of draining
  39 ogres
  9 boggarts
  13 wolves
  17 centaurs
  8 crocodiles
  A big kobold (D:12)
  11 bullfrogs
  A glowing shapeshifter simulacrum (Vaults:1)
  8 scorpions
  47 killer bees
  2 electric eels (Lair:1)
  9 crimson imps
  4 centaur zombies
  A lava snake (Lair:1)
  2 bullfrog zombies
  3 quasits
  13 hounds
  2 iron imps (Depths:3)
  4 jellies
  2 centaur skeletons
  16 orc priests
  28 orc wizards
  3 bullfrog skeletons
  11 human skeletons (Vaults:3)
  4 iguanas
  10 worker ants
  4 hell rats (Lair:2)
  A hound skeleton (D:4)
  A howler monkey zombie (D:8)
  2 worker ant zombies (D:8)
  A howler monkey skeleton (D:6)
  9 adders
  2 shadow imps
  A white imp (Depths:3)
  2 ufetubi (Depths:3)
  3 oozes
  2 adder zombies (D:5)
  An adder skeleton (D:4)
  A dart slug (D:1)
  3 worms
  5 leopard geckos
  68 orcs
  4 giant cockroaches
  5 goblins
  6 hobgoblins
  3 jackals (D:5)
  15 kobolds
  4 quokkas
  2 bats (D:1)
  A frilled lizard (D:1)
  2 giant cockroach zombies (D:5)
  A jackal skeleton (D:5)
  A leopard gecko skeleton (D:8)
  A quokka skeleton (D:5)
  A quokka zombie (D:8)
  10 rats
  2 crawling corpses (Elf:1)
  3 plants
1575 creatures vanquished.

Vanquished Creatures (collateral kills)
  A juggernaut (Depths:4)
  A caustic shrike (Depths:4)
  A nagaraja (Snake:4)
  A vault warden (Vaults:3)
  A fire dragon (Depths:1)
  A naga warrior (Snake:4)
  A merfolk avatar (Shoals:3)
  2 orc high priests (Orc:2)
  A necromancer (Depths:4)
  An orc knight (Orc:2)
  4 orc sorcerers (Orc:2)
  A faun (Shoals:4)
  4 ugly things (D:14)
  2 naga magi
  2 water nymphs (Shoals:4)
  A guardian serpent (Snake:2)
  A yaktaur (Vaults:3)
  2 humans (D:14)
  A naga (Snake:4)
  2 orc warriors (Orc:2)
  2 ogres
  An orc priest (Orc:2)
  A human skeleton (Vaults:3)
  An orc wizard (Orc:2)
36 creatures vanquished.

Vanquished Creatures (others)
  An ironheart preserver (Vaults:1)
  A merfolk javelineer (Depths:1)
  An ogre mage (Depths:3)
  2 yaktaur captains
  A satyr (Shoals:3)
  A deep troll earth mage (Vaults:4)
  3 deep trolls (Vaults:4)
  A glowing orange brain (Depths:2)
  2 fauns
  A cyclops (Shoals:2)
  5 yaktaurs
  3 merfolk
  2 ogres (Vaults:1)
  2 orc priests
  5 orcs
  14 bushes
  17 fungi
  87 plants
  4 tentacles (Shoals:3)
  A withered plant (Shoals:1)
154 creatures vanquished.

Grand Total: 1765 creatures vanquished

Notes
Turn   | Place    | Note
-------+----------+-------------------------------------------
     0 | D:1      | toffzen the Vampire Assassin began the quest for the Orb.
     0 | D:1      | Reached XP level 1. HP: 16/16 MP: 1/1
   196 | D:1      | Reached XP level 2. HP: 22/22 MP: 2/2
   679 | D:1      | Reached XP level 3. HP: 27/27 MP: 3/3
  1208 | D:2      | Found a faded altar of an unknown god.
  1537 | D:2      | Reached XP level 4. HP: 23/34 MP: 4/4
  2719 | D:3      | Found a hide-covered altar of Uskayaw.
  2906 | D:4      | Noticed a phantom
  2954 | D:4      | Noticed Menkaure
  3279 | D:4      | Killed Menkaure
  3279 | D:4      | Reached skill level 5 in Short Blades
  3279 | D:4      | Reached XP level 5. HP: 41/41 MP: 5/5
  3378 | D:4      | Reached XP level 6. HP: 47/47 MP: 6/6
  3812 | D:4      | Found Osep's Magic Scroll Shop.
  4289 | D:5      | Entered Level 5 of the Dungeon
  4323 | D:5      | Noticed a sky beast
  4357 | D:5      | Killed a sky beast
  4357 | D:5      | Reached XP level 7. HP: 53/53 MP: 7/7
  4426 | D:5      | Got a transparent scale mail
  4443 | D:5      | Identified the cursed +1 scale mail of Hiutz {rElec Dex+2} (You found it on level 5 of the Dungeon)
  4512 | D:5      | Got a pair of encrusted gloves
  4518 | D:5      | Identified the +2 pair of gloves of the Demon Prince {Stlth+} (You found it on level 5 of the Dungeon)
  4588 | D:5      | Found a shadowy altar of Dithmenos.
  4598 | D:5      | Became a worshipper of Dithmenos the Shadowed
  4750 | D:5      | Found a stormy altar of Qazlal.
  4832 | D:5      | Found an iron altar of Okawaru.
  4880 | D:6      | Noticed Sigmund
  4883 | D:6      | Killed Sigmund
  5613 | D:6      | Reached XP level 8. HP: 61/61 MP: 8/8
  6042 | D:6      | Reached skill level 5 in Fighting
  6103 | D:6      | Reached skill level 10 in Stealth
  6234 | D:6      | Found a staircase to the Ecumenical Temple.
  6253 | D:6      | Reached * piety under Dithmenos
  6298 | D:6      | Reached skill level 1 in Long Blades
  6430 | D:6      | Found a deep blue altar of Sif Muna.
  6586 | D:7      | Found a glowing golden altar of the Shining One.
  6595 | D:7      | Found a basalt altar of Yredelemnul.
  7410 | D:7      | Reached XP level 9. HP: 68/68 MP: 9/9
  7825 | D:7      | Noticed an angel
  8420 | D:8      | Noticed a two-headed ogre
  8435 | D:8      | Found a blossoming altar of Fedhas.
  9343 | D:8      | Reached skill level 5 in Long Blades
  9810 | D:8      | Reached ** piety under Dithmenos
 10215 | D:8      | Killed a two-headed ogre
 10215 | D:8      | Reached XP level 10. HP: 74/77 MP: 10/10
 10246 | D:9      | You fall through a shaft!
 10246 | D:10     | Entered Level 10 of the Dungeon
 10426 | D:9      | You fall through a shaft for 2 floors!
 10522 | D:9      | Noticed Psyche
 10533 | D:9      | Killed Psyche
 10938 | D:9      | Found a glowing silver altar of Zin.
 12053 | D:10     | Found a staircase to the Orcish Mines.
 12063 | D:10     | Reached *** piety under Dithmenos
 12181 | D:10     | Reached skill level 5 in Dodging
 12689 | D:11     | Reached XP level 11. HP: 81/84 MP: 11/11
 13027 | D:11     | Found a staircase to the Lair.
 13228 | Lair:1   | Entered Level 1 of the Lair of Beasts
 14659 | Lair:2   | Noticed a four-headed hydra
 14730 | Lair:2   | Found a staircase to the Snake Pit.
 15148 | Lair:2   | Killed a four-headed hydra
 15776 | Lair:2   | Found a staircase to the Shoals.
 15872 | Lair:2   | Reached **** piety under Dithmenos
 16615 | Lair:2   | Learned a level 4 spell: Summon Lightning Spire
 16618 | Lair:2   | Learned a level 1 spell: Apportation
 16657 | Lair:2   | Reached XP level 12. HP: 94/94 MP: 12/12
 16948 | Lair:2   | Reached skill level 15 in Stealth
 17175 | Lair:2   | Reached skill level 1 in Summonings
 18770 | Lair:4   | Reached skill level 10 in Long Blades
 18776 | Lair:4   | Reached skill level 1 in Air Magic
 19118 | Lair:4   | Noticed a death yak
 19120 | Lair:4   | Noticed a death yak
 20336 | Lair:4   | Reached skill level 5 in Summonings
 21595 | Lair:5   | Found a runed door.
 21626 | Lair:5   | Found a viscous altar of Jiyva.
 21626 | Lair:5   | Found a staircase to the Slime Pits.
 21742 | Lair:5   | Reached skill level 1 in Spellcasting
 22495 | Lair:5   | Noticed an entropy weaver
 22523 | Lair:5   | Killed an entropy weaver
 23430 | Lair:5   | Noticed an entropy weaver
 23497 | Lair:6   | Entered Level 6 of the Lair of Beasts
 23515 | Lair:6   | Reached skill level 5 in Air Magic
 23520 | Lair:6   | Reached XP level 13. HP: 90/101 MP: 16/16
 24146 | Orc:1    | Entered Level 1 of the Orcish Mines
 24509 | Orc:1    | Reached ***** piety under Dithmenos
 25369 | Orc:1    | Noticed Snorg
 25372 | Orc:1    | Killed Snorg
 25499 | Orc:2    | Entered Level 2 of the Orcish Mines
 25509 | Orc:2    | Found a staircase to the Elven Halls.
 26721 | Orc:2    | Noticed an orc warlord
 28019 | Orc:2    | Killed an orc warlord
 28263 | Orc:2    | Found Nahar's Assorted Antiques.
 28265 | Orc:2    | Found Ypeom's Antique Weapon Shoppe.
 28704 | Orc:2    | Paralysed by an orc sorcerer for 3 turns
 30288 | Orc:2    | Found Kenn's General Store.
 31015 | Orc:2    | Found Bugos's Weapon Shoppe.
 31043 | Orc:2    | Bought a scroll of identify for 66 gold pieces
 31056 | Orc:2    | Bought a scroll of identify for 32 gold pieces
 32027 | D:12     | Found Lastitop's Distillery.
 32037 | D:12     | Bought a potion of heal wounds for 55 gold pieces
 32037 | D:12     | Bought a potion of heal wounds for 55 gold pieces
 32037 | D:12     | Bought a potion of haste for 110 gold pieces
 33175 | D:12     | Reached skill level 10 in Fighting
 33517 | D:13     | Found a labyrinth entrance.
 34728 | D:13     | Found a portal to a secret trove of treasure.
 35222 | D:13     | Reached XP level 14. HP: 88/110 MP: 20/20
 35659 | D:14     | Found a gate to the Vaults.
 35926 | D:14     | Reached skill level 10 in Dodging
 36069 | D:14     | Reached ****** piety under Dithmenos
 37549 | D:15     | Entered Level 15 of the Dungeon
 37855 | D:15     | Found a staircase to the Depths.
 38622 | D:15     | Found a runed door.
 38667 | D:15     | Found a runed door.
 38699 | D:15     | Found a runed door.
 38713 | D:15     | Found a runed door.
 38993 | D:15     | Got a steaming chain mail
 39004 | D:15     | Identified the +5 chain mail of Sosos {rF++ Dex+5} (You found it on level 15 of the Dungeon)
 39210 | Snake:1  | Entered Level 1 of the Snake Pit
 39358 | Lair:2   | Learned a level 2 spell: Ensorcelled Hibernation
 39362 | Lair:2   | Learned a level 3 spell: Confuse
 39366 | Lair:2   | Learned a level 3 spell: Dazzling Spray
 39370 | Lair:2   | Learned a level 3 spell: Tukima's Dance
 39420 | Snake:1  | Reached skill level 1 in Hexes
 39682 | Snake:1  | Reached skill level 2 in Hexes
 39700 | Snake:1  | Reached skill level 1 in Ice Magic
 39804 | Snake:1  | Reached skill level 3 in Hexes
 39948 | Snake:1  | Reached skill level 4 in Hexes
 40383 | Snake:2  | Noticed a nagaraja
 40781 | Snake:2  | Reached skill level 5 in Hexes
 40908 | Snake:2  | Noticed p0werm0de's ghost (journeyman GnNe)
 40928 | Snake:2  | Killed p0werm0de's ghost
 40928 | Snake:2  | Reached skill level 6 in Hexes
 41834 | Snake:2  | Reached skill level 7 in Hexes
 42045 | Snake:2  | Killed a nagaraja
 42045 | Snake:2  | Reached XP level 15. HP: 52/119 MP: 16/21
 42573 | Snake:2  | Noticed a nagaraja
 42579 | Snake:2  | Killed a nagaraja
 42579 | Snake:2  | Reached skill level 8 in Hexes
 43042 | Snake:3  | Reached skill level 9 in Hexes
 43213 | Snake:3  | Found Jykkov's Food Boutique.
 43213 | Snake:3  | Found Xecisyog's General Store.
 43233 | Snake:3  | Bought a scroll of teleportation for 48 gold pieces
 43233 | Snake:3  | Bought a potion of curing for 48 gold pieces
 43233 | Snake:3  | Bought a scroll of teleportation for 48 gold pieces
 43357 | Snake:3  | Found a glowing golden altar of the Shining One.
 43365 | Snake:3  | Noticed Agnes
 43405 | Snake:3  | Reached skill level 10 in Hexes
 43777 | Snake:3  | Found a frozen archway.
 43791 | Snake:3  | Noticed a nagaraja
 43791 | Snake:3  | Noticed a nagaraja
 43794 | Snake:3  | Killed a nagaraja
 43796 | Snake:3  | Killed a nagaraja
 43796 | Snake:3  | Reached skill level 11 in Hexes
 43939 | Snake:3  | Agnes
 44166 | Snake:3  | Reached skill level 12 in Hexes
 44640 | Snake:3  | Killed Agnes
 44643 | Snake:3  | Got a bloodstained hunting sling
 44659 | Snake:3  | Identified the +10 hunting sling of Fuggi {flame, +Blink rElec rC+ Dex+6} (You found it on level 3 of the Snake Pit)
 44969 | Snake:4  | Entered Level 4 of the Snake Pit
 45066 | Snake:4  | Noticed Vashnia
 47350 | Snake:4  | Noticed a nagaraja
 47353 | Snake:4  | Noticed a nagaraja
 47637 | Snake:4  | Killed a nagaraja
 47637 | Snake:4  | Reached skill level 13 in Hexes
 48376 | Snake:4  | Noticed Louise
 49159 | Elf:1    | Entered Level 1 of the Elven Halls
 49166 | Elf:1    | Reached XP level 16. HP: 127/127 MP: 22/22
 50172 | Elf:1    | Reached skill level 14 in Hexes
 50836 | Elf:1    | Identified the Grimoire of Attacks
 50918 | Elf:2    | Learned a level 6 spell: Invisibility
 50920 | Elf:2    | Learned a level 1 spell: Summon Butterflies
 51030 | Elf:2    | Noticed Saint Roka
 51057 | Elf:2    | Killed Saint Roka
 51316 | Elf:2    | Found Qadatudd's Armour Shoppe.
 51493 | Elf:2    | Found a runed gate.
 51493 | Elf:2    | Found a runed gate.
 51493 | Elf:2    | Found a runed gate.
 51544 | Elf:2    | Reached skill level 15 in Hexes
 52891 | Elf:2    | Found Qadatudd's Armour Shoppe.
 54051 | Snake:4  | Killed Louise
 54244 | Snake:4  | Killed Vashnia
 54290 | Snake:3  | Reached skill level 16 in Hexes
 57191 | Snake:4  | Reached skill level 17 in Hexes
 57306 | Snake:4  | Reached XP level 17. HP: 137/137 MP: 17/23
 60217 | Snake:4  | Reached skill level 18 in Hexes
 60590 | Snake:4  | Got a serpentine rune of Zot
 60845 | Vaults:1 | Entered Level 1 of the Vaults
 62122 | Vaults:1 | Reached skill level 19 in Hexes
 65447 | Vaults:1 | Reached skill level 1 in Invocations
 66627 | Vaults:2 | Reached XP level 18. HP: 148/148 MP: 11/24
 67323 | Vaults:2 | Found a staircase to the Crypt.
 68429 | Vaults:2 | Reached skill level 5 in Spellcasting
 68854 | Vaults:2 | Learned a level 4 spell: Animate Dead
 68900 | Vaults:2 | Reached skill level 1 in Necromancy
 69129 | Vaults:2 | Paralysed by a great orb of eyes for 5 turns
 69693 | Vaults:3 | Reached skill level 5 in Necromancy
 70188 | Vaults:3 | Found Cety's Distillery.
 70203 | Vaults:3 | Bought a potion of might for 64 gold pieces
 70203 | Vaults:3 | Bought a potion of might for 64 gold pieces
 70708 | Vaults:3 | Learned a level 5 spell: Borgnjor's Vile Clutch
 70780 | Vaults:3 | Found Kimewk's Assorted Antiques.
 70793 | Vaults:3 | Bought a bloodstained robe for 142 gold pieces
 70793 | Vaults:3 | Bought a scroll of blinking for 187 gold pieces
 70793 | Vaults:3 | Bought a scroll labeled LEK KY NAGI for 25 gold pieces
 70794 | Vaults:3 | Identified the cursed +1 robe "Irext" {MR+++ Dex+4 Stlth-} (You bought it in a shop on level 3 of the Vaults)
 71310 | Vaults:3 | Found Acrab's Jewellery Shop.
 71842 | Vaults:3 | Found Guupt's Book Shop.
 72647 | Vaults:4 | Reached skill level 1 in Earth Magic
 72669 | Vaults:4 | Reached XP level 19. HP: 154/154 MP: 15/31
 73211 | Vaults:4 | Found Jouqif's Armour Shop.
 73302 | Vaults:4 | Reached skill level 10 in Necromancy
 73769 | Vaults:4 | Reached skill level 1 in Armour
 76211 | Vaults:4 | Reached skill level 5 in Armour
 76667 | Shoals:1 | Entered Level 1 of the Shoals
 76863 | Shoals:1 | Identified a scroll of acquirement
 76868 | Shoals:1 | Got a warped demon blade
 76869 | Shoals:1 | Identified the +4 demon blade of Circularity {venom, *Noise +Rage +Fly rElec} (You acquired it on level 1 of the Shoals)
 78588 | Shoals:2 | Noticed tidbits's ghost (journeyman GnSu)
 78699 | Shoals:2 | Killed tidbits's ghost
 78735 | Shoals:2 | Noticed Frances
 78963 | Shoals:2 | Reached skill level 5 in Earth Magic
 78978 | Shoals:2 | Killed Frances
 79397 | Shoals:2 | Reached skill level 5 in Shields
 79979 | Shoals:2 | Noticed Donald
 80263 | Shoals:2 | Killed Donald
 81696 | Shoals:3 | Reached XP level 20. HP: 132/161 MP: 33/33
 83364 | Shoals:4 | Entered Level 4 of the Shoals
 83364 | Shoals:4 | Found Vourag's Distillery.
 83364 | Shoals:4 | Found Haturur's Weapon Shop.
 83377 | Shoals:4 | Bought a potion of haste for 220 gold pieces
 83377 | Shoals:4 | Bought a potion of heal wounds for 110 gold pieces
 83377 | Shoals:4 | Bought a potion of haste for 220 gold pieces
 83377 | Shoals:4 | Bought a potion of heal wounds for 110 gold pieces
 83377 | Shoals:4 | Bought a potion of agility for 88 gold pieces
 83377 | Shoals:4 | Bought a potion of agility for 88 gold pieces
 83377 | Shoals:4 | Bought a potion of agility for 88 gold pieces
 83728 | Shoals:4 | Noticed Aizul
 84357 | Shoals:4 | Reached skill level 10 in Shields
 85094 | Shoals:4 | Got a barnacled rune of Zot
 85806 | D:4      | Bought a scroll of blinking for 97 gold pieces
 86079 | Depths:1 | Entered Level 1 of the Depths
 87529 | Depths:1 | Found a gateway to Hell.
 87829 | Depths:1 | Found Reer Ene's Armour Shop.
 88508 | Depths:1 | Found a one-way gate leading to the halls of Pandemonium.
 88848 | Depths:1 | Found a corrupted altar of Lugonu.
 88848 | Depths:1 | Found a one-way gate to the infinite horrors of the Abyss.
 89154 | Depths:1 | Found a sparkling altar of Nemelex Xobeh.
 91810 | Depths:2 | Reached XP level 21. HP: 167/167 MP: 28/34
 93791 | Depths:3 | HP: 8/167 [fire giant/bolt of fire (37)]
 95421 | Depths:3 | Reached skill level 15 in Shields
 96225 | Depths:3 | Reached skill level 15 in Fighting
 98357 | Depths:3 | Noticed matthes123's ghost (veteran GrEE)
 98398 | Depths:3 | Killed matthes123's ghost
 99953 | Depths:4 | Noticed a juggernaut
 99957 | Depths:4 | Noticed a caustic shrike
 99959 | Depths:4 | Noticed a caustic shrike
 99967 | Depths:4 | Noticed a caustic shrike
 99981 | Depths:4 | Killed a caustic shrike
 99981 | Depths:4 | Reached XP level 22. HP: 82/178 MP: 3/35
100124 | Depths:4 | Killed a caustic shrike
101301 | Depths:4 | Noticed a juggernaut
101310 | Depths:4 | Killed a juggernaut
101598 | Depths:4 | Noticed a golden dragon
101643 | Depths:4 | Killed a caustic shrike
101651 | Depths:4 | Mangled by a caustic shrike simulacrum

Skill      XL: |  1  2  3  4  5  6  7  8  9 10 11 12 13 14 15 16 17 18 19 20 21 22 |
---------------+-------------------------------------------------------------------+-----
Stealth        | 6 7 8 9 10 12 13 14 15 16 17 | 17.0
Fighting       | 2 3 4 5 6 7 8 9 10 11 12 13 14 16 | 16.5
Short Blades   | 3 5 6 7 8 |  8.6
Long Blades    | 3 6 7 9 10 11 13 | 13.2
Dodging        | 3 5 7 9 11 12 13 | 13.8
Shields        | 4 7 13 15 | 15.0
Summonings     | 6 7 |  7.0
Air Magic      | 5 6 |  6.0
Spellcasting   | 2 4 8 9 |  9.0
Hexes          | 7 13 17 19 | 19.0
Ice Magic      | 2 |  2.0
Invocations    | 2 4 |  4.0
Necromancy     | 9 11 13 14 | 14.2
Earth Magic    | 1 5 |  5.0
Armour         | 5 |  5.5
Throwing       | |  1.5

Action                   |  1- 3 |  4- 6 |  7- 9 | 10-12 | 13-15 | 16-18 | 19-21 | 22-24 || total
-------------------------+-------+-------+-------+-------+-------+-------+-------+-------++-------
Melee: Dagger            |    18 |       |    66 |   113 |   210 |   783 |  1364 |    22 ||  2576
       Short sword       |    66 |   131 |    50 |       |     4 |       |       |       ||   251
       Bite              |     6 |    11 |    37 |   104 |   221 |   143 |   312 |    20 ||   854
       Falchion          |       |       |   177 |   642 |  1185 |   468 |    15 |       ||  2487
       Demon blade       |       |       |       |       |       |       |   551 |    59 ||   610
 Fire: Blowgun           |       |     8 |       |       |       |       |       |       ||     8
Throw: Stone             |       |     1 |     7 |    40 |    45 |    19 |    17 |     1 ||   130
 Cast: Summon Lightning  |       |       |       |       |    53 |    30 |    35 |     2 ||   120
       Confuse           |       |       |       |       |    34 |   132 |    44 |     6 ||   216
       Ensorcelled Hiber |       |       |       |       |    48 |   140 |    50 |     1 ||   239
       Tukima's Dance    |       |       |       |       |     4 |     5 |       |       ||     9
       Apportation       |       |       |       |       |     2 |     1 |       |       ||     3
       Dazzling Spray    |       |       |       |       |    30 |   153 |     6 |     3 ||   192
       Invisibility      |       |       |       |       |       |    20 |    76 |     2 ||    98
       Animate Dead      |       |       |       |       |       |     1 |       |       ||     1
       Borgnjor's Vile C |       |       |       |       |       |       |    91 |    30 ||   121
Invok: Shadow Step       |       |       |       |     1 |     5 |     2 |     1 |       ||     9
 Abil: End Transformatio |       |       |     3 |     3 |    15 |     6 |    12 |     2 ||    41
       Bat Form          |       |       |     3 |     3 |    15 |     6 |    12 |     2 ||    41
Evoke: Wand              |       |       |    10 |    20 |    12 |     4 |     5 |       ||    51
       Lightning rod     |       |       |       |     4 |     7 |     4 |     3 |     4 ||    22
  Use: Potion            |     1 |     5 |    14 |    26 |    65 |    64 |    66 |    13 ||   254
       Scroll            |       |    10 |     4 |    12 |    22 |    13 |    22 |       ||    83
 Stab: Sleeping          |     7 |     9 |    20 |    58 |    96 |   157 |    91 |     1 ||   439
       Distracted        |       |       |       |     5 |    18 |    11 |    20 |     1 ||    55
       Confused          |       |       |       |       |    19 |    79 |    25 |     1 ||   124
       Invisible         |       |       |       |       |    18 |   101 |   332 |     2 ||   453
       Fleeing           |       |       |       |       |       |     2 |       |       ||     2
Armor: Robe              |    11 |       |       |    25 |   106 |    79 |   132 |     8 ||   361
       Ring mail         |    13 |    40 |     6 |       |       |       |       |       ||    59
       Scale mail        |       |       |   125 |   131 |       |       |       |       ||   256
       Fire dragon scale |       |       |       |       |       |       |    34 |       ||    34
Dodge: Dodged            |    38 |    46 |   112 |   295 |   717 |   542 |   852 |    40 ||  2642
Block: Buckler           |       |       |       |   202 |   380 |   362 |   583 |       ||  1527
       Reflection        |       |       |       |       |    39 |    65 |    56 |     7 ||   167
       Other             |       |       |       |       |     1 |       |     1 |     1 ||     3
       Shield            |       |       |       |       |       |       |   213 |    73 ||   286
       Rpst.: Falchion   |       |       |    28 |    75 |   155 |    33 |     1 |       ||   292
       Demon blade       |       |       |       |       |       |       |    48 |     3 ||    51
